 Dungeon Crawl Stone Soup version 0.30.0-13-g156ef70053 (webtiles) character file.

Game seed: 10881413042360683889

348 AlmostDecent the Magician (level 6, -17/40 HPs)
             Began as a Djinni Conjurer on May 17, 2023.
             Killed from afar by Ijyb (20 damage)
             ... with an iceblast
             ... on level 3 of the Dungeon.
             The game lasted 00:08:14 (1856 turns).

AlmostDecent the Magician (Djinni Conjurer)         Turns: 1856, Time: 00:08:15

Health: -17/40     AC:  3    Str: 15    XL:     6   Next: 91%
Gold:   82         EV: 12    Int: 22    God:
                   SH:  3    Dex: 11

rFire   + + .        r - +9 rapier of Ficw {heavy, rC- rCorr Str+9}
rCold   x x .        g - +0 buckler
rNeg    . . .        a - +0 robe
rPois   ∞            o - +0 helmet
rElec   .            (no cloak)
rCorr   +            (no gloves)
SInv    .            (boots unavailable)
Will    .....        (no amulet)
Stlth   ++           (no ring)
HPRegen 0.26/turn    (no ring)
MPRegen 0.00/turn

%: infuse magic (-18 HP)
@: flying
A: sickness immunity, fire resistance 2, cold vulnerability 1, float, innate
caster, HP casting, extra vitality 1
a: no special abilities


You were on level 3 of the Dungeon.
You visited 1 branch of the dungeon, and saw 3 of its levels.

You collected 110 gold pieces.
You spent 28 gold pieces at shops.

Inventory:

Hand Weapons
 b - a +0 short sword
 j - a +1 hand axe of distortion
 r - the +9 rapier of Ficw (weapon) {heavy, rC- rCorr Str+9}
   (You found it on level 3 of the Dungeon)

   Str:       It affects your strength (+9).
   rC:        It makes you vulnerable to cold.
   rCorr:     It protects you from acid and corrosion.
Armour
 a - a +0 robe (worn)
 g - a +0 buckler (worn)
 o - a +0 helmet (worn)
Scrolls
 d - a scroll of blinking {unknown}
 e - 2 scrolls of teleportation {unknown}
 f - a scroll of fog {unknown}
 h - 6 scrolls of identify
 i - a scroll of immolation {unknown}
 n - a scroll of magic mapping {unknown}
 p - a scroll of enchant armour {unknown}
Potions
 c - a potion of magic {unknown}
 k - 2 potions of curing {unknown}
 l - a potion of attraction {unknown}
 m - 3 potions of flight {unknown}
 q - a potion of invisibility {unknown}
 s - a potion of brilliance {unknown}
 t - a potion of mutation {unknown}


   Skills:
 + Level 0.1 Fighting
 + Level 2.7 Dodging
 + Level 1.8 Stealth
 + Level 0.1 Shields
 * Level 5.8 Spellcasting


You knew the following spells:

 Your Spells              Type           Power      Damage    Failure   Level
a - Magic Dart            Conj           100%       1d8       1%          1
b - Searing Ray           Conj           64%        2d6       1%          2
c - Dazzling Flash        Conj/Hex       64%        N/A       3%          3
d - Fulminant Prism       Conj/Hex       16%        3d10      12%         4
e - Iskenderun's Mystic   Conj/Tloc      32%        2d8       12%         4
f - Foxfire               Conj/Fire      100%       2x1d9     1%          1
g - Ensorcelled Hibernat  Hex/Ice        64%        N/A       1%          2
Your spell library was empty.

Dungeon Overview and Level Annotations

Branches:
Dungeon (3/15)

Altars:

Shops:
D:1 ?

Annotations:
D:3 Ijyb


Innate Abilities, Weirdness & Mutations

You are immune to sickness and miasma.
You are immune to poison.
Your flesh is very heat resistant. (rF++)
You are vulnerable to cold. (rC-)
You float through the air rather than walking.
You learn spells naturally, not from books.
Your magical power is your life essence.
You have superior vitality. (+4 MHP)


Message History

* * * LOW HITPOINT WARNING * * *
The orc throws a boomerang.
You block the boomerang.
Casting: Magic Dart (safe; 1% risk of failure)
Confirm with . or Enter, or press ? or * to list all spells.
Aiming: Magic Dart (safe; 1% risk of failure)
Press: ? - help, Shift-Dir - straight line, f/p - orc
Aim: an orc, wielding a +0 hand axe, wearing a +0 scale mail and quivering boomerangs (heavily wounded, 100% to hit)
The magic dart hits the orc but does no damage.
The orc is heavily wounded.
* * * LOW HITPOINT WARNING * * *
Casting: Magic Dart (safe; 1% risk of failure)
Confirm with . or Enter, or press ? or * to list all spells.
Aiming: Magic Dart (safe; 1% risk of failure)
Press: ? - help, Shift-Dir - straight line, f/p - orc
Aim: an orc, wielding a +0 hand axe, wearing a +0 scale mail and quivering boomerangs (heavily wounded, 100% to hit)
The magic dart hits the orc.
You kill the orc!
* * * LOW HITPOINT WARNING * * *
Ijyb the Twisted Goblin comes into view.
She is wielding a +0 dagger and carrying a wand of iceblast (9).
You see here a quokka corpse.
Casting: Magic Dart (safe; 1% risk of failure)
Confirm with . or Enter, or press ? or * to list all spells.
Aiming: Magic Dart (safe; 1% risk of failure)
Press: ? - help, Shift-Dir - straight line, f - Ijyb
Aim: Ijyb, wielding a +0 dagger, wearing a +0 leather armour and carrying a wand of iceblast (9) (100% to hit)
The magic dart hits Ijyb.
Ijyb is lightly wounded.
* * * LOW HITPOINT WARNING * * *
Casting: Magic Dart (safe; 1% risk of failure)
Confirm with . or Enter, or press ? or * to list all spells.
Aiming: Magic Dart (safe; 1% risk of failure)
Press: ? - help, Shift-Dir - straight line, f/p - Ijyb
Aim: Ijyb, wielding a +0 dagger, wearing a +0 leather armour and carrying a wand of iceblast (9) (lightly wounded, 100% to hit)
The magic dart hits Ijyb but does no damage.
Ijyb is lightly wounded.
* * * LOW HITPOINT WARNING * * *
Ijyb zaps a wand.
The mass of ice explodes!
The iceblast engulfs you!!
You feel a painful chill!
Ouch! That really hurt!
You die...

#.....
#.#.......
#.#....
#.#.......
........
#....!...
####.###
#...#...# #.# #
#... ... #.###
##.?. #.# #
#....
#..<†##.#####..#
###.#
#..))g.)@†.....#
#.#
#.#.#...#####)##
#.# #.#.### #.#
#....# ##.#
###..#######.#
#..#
#..........#
#.##
#..#######.#
##†## #..#
##.######...#
#..#
#............


You could see Ijyb.

Vanquished Creatures
  Sigmund (D:3)
  A bullfrog (D:3)
  An orc priest (D:3)
  2 adders
  A gnoll (D:1)
  2 worms
  2 orcs (D:3)
  A bat (D:1)
  5 endoplasms
  3 giant cockroaches
  4 goblins
  5 hobgoblins
  6 jackals
  4 kobolds (D:1)
  5 quokkas
  7 ball pythons
  A frilled lizard (D:1)
  6 rats
57 creatures vanquished.

Vanquished Creatures (others)
  2 fulminant prisms (D:3)
2 creatures vanquished.

Grand Total: 59 creatures vanquished

Notes
Turn   | Place    | Note
-------+----------+-------------------------------------------
     0 | D:1      | AlmostDecent the Djinni Conjurer began the quest for the
                  | Orb.
     0 | D:1      | AlmostDecent set off with the following spells memorised:
                  | Magic Dart, Searing Ray, Dazzling Flash, Fulminant Prism,
                  | Iskenderun's Mystic Blast.
     0 | D:1      | Reached XP level 1. HP: 15/15 MP: 0/0
    79 | D:1      | Reached XP level 2. HP: 20/21 MP: 0/0
   183 | D:1      | Reached XP level 3. HP: 20/25 MP: 0/0
   183 | D:1      | Learned a level 1 spell: Foxfire
   267 | D:1      | Reached skill level 4 in Spellcasting
   277 | D:1      | You are sucked into a shaft and drop 1 floor!
   467 | D:1      | Found Leox's Magic Scroll Shop.
   475 | D:1      | Bought a scroll of identify for 28 gold pieces
   774 | D:1      | Reached XP level 4. HP: 31/31 MP: 0/0
  1756 | D:3      | Identified the +9 rapier of Ficw {heavy, rC- rCorr Str+9}
  1825 | D:3      | Noticed a bullfrog
  1826 | D:3      | Noticed Sigmund
  1828 | D:3      | Killed a bullfrog
  1829 | D:3      | Reached XP level 5. HP: 31/35 MP: 0/0
  1829 | D:3      | Learned a level 2 spell: Ensorcelled Hibernation
  1839 | D:3      | Killed Sigmund
  1840 | D:3      | Reached skill level 5 in Spellcasting
  1840 | D:3      | Reached XP level 6. HP: 5/40 MP: 0/0
  1853 | D:3      | Noticed Ijyb
  1856 | D:3      | Killed from afar by Ijyb

Illustrated notes

Levels and vault maps discovered:
D:1:      lemuel_arrival_funnel, layout_basic, serial_shops, shop
D:2:      layout_loops_ring
D:3:      layout_loops_ring, serial_shops, nicolae_shop_tiny_glass,
          shop_fountains, shop, uniq_ijyb, uniq_sigmund

Skill      XL: |  1  2  3  4  5 |
---------------+----------------+-----
Spellcasting   | 4 5 |  5.8
Fighting       | |  0.1
Dodging        | |  2.7
Stealth        | |  1.8
Shields        | |  0.1

Action                     |  1- 3 |  4- 6 || total
---------------------------+-------+-------++-------
  Melee: Short sword       |    10 |       ||    10
         Rapier            |       |     2 ||     2
   Cast: Magic Dart        |    53 |    65 ||   118
         Fulminant Prism   |       |     2 ||     2
         Searing Ray       |       |     2 ||     2
 Armour: Robe              |     3 |     1 ||     4
  Dodge: Dodged            |     9 |     7 ||    16
  Block: Buckler           |     1 |     1 ||     2
